 Dungeon Crawl Stone Soup version 0.28.0-49-g6dfe1f597d (webtiles) character file.

Game seed: 14218528613344038116

14 Zeld the Skirmisher (level 2, 0/27 HPs)
             Began as a Minotaur Berserker on May 19, 2022.
             Was a Follower of Trog.
             Slain by a worm (9 damage)
             ... on level 1 of the Dungeon.
             The game lasted 00:00:16 (383 turns).

Zeld the Skirmisher (Minotaur Berserker)             Turns: 383, Time: 00:00:17

Health: 0/27       AC:  2    Str: 21    XL:     2   Next: 27%
Magic:  1/1        EV: 12    Int:  4    God:    Trog [*.....]
Gold:   26         SH:  0    Dex:  9    Spells: 1/1 levels left

rFire   . . .      SeeInvis .   a - +0 hand axe
rCold   . . .      Faith    .   (no shield)
rNeg    . . .      Spirit   .   b - +0 animal skin
rPois   .          Reflect  .   (helmet restricted)
rElec   .          Harm     .   (no cloak)
rCorr   .          Rampage  .   (no gloves)
Will    .....                   (no boots)
Stlth   +.........              (no amulet)
HPRegen 0.09/turn               (no ring)
MPRegen 0.07/turn               (no ring)

@: no status effects
A: horns 2, retaliatory headbutt
a: Renounce Religion, Berserk


You were on level 1 of the Dungeon.
You worshipped Trog.
Trog was aware of your devotion.
You visited 1 branch of the dungeon, and saw 1 of its levels.

You collected 26 gold pieces.

Inventory:

Hand Weapons
 a - a +0 hand axe (weapon)
Armour
 b - a +0 animal skin (worn)


   Skills:
 * Level 4.0 Fighting
 * Level 4.0 Axes
 + Level 2.6 Armour
 + Level 2.3 Dodging


You had one spell level left.
You didn't know any spells.
Your spell library was empty.

Dungeon Overview and Level Annotations

Branches:
Dungeon (1/15)

Altars:


Innate Abilities, Weirdness & Mutations

You have a pair of horns on your head.
You reflexively headbutt those who attack you in melee.


Message History

Your Fighting skill increases to level 4!
Your Axes skill increases to level 4!
A worm comes into view.
Things that are here:
a quokka corpse; a worm corpse 2 jackals come into view.
Found a stone staircase leading down.
You completely miss the endoplasm. You headbutt the endoplasm.
The endoplasm is almost dead.
The jackal barks! x2
The jackal falls through a shaft!
The shaft crumbles and collapses.
The endoplasm misses you.
You hit the endoplasm.
You kill the endoplasm!
Trog accepts your kill.
You hit the worm.
The ball python falls through a shaft!
The shaft crumbles and collapses.
You barely miss the worm.
The worm is lightly wounded.
You miss the jackal. The jackal closely misses you. The worm bites you.
The worm bites you.
You barely miss the worm. You hit the jackal but do no damage.
The jackal bites you but does no damage.
You hit the worm.
The worm is moderately wounded.
You closely miss the jackal. The jackal barely misses you.
The jackal bites you. The worm bites you!
Unknown command.
You are too injured to fight recklessly!
Unknown command.
You are too injured to fight recklessly!
You are too injured to fight recklessly!
You barely miss the worm. You headbutt the worm!
The worm is almost dead.
You hit the jackal. x2
The jackal bites you but does no damage.
The jackal bites you.
A rat comes into view.
The jackal barely misses you. The worm bites you!
You die...

## # #. .# ## #.#
##.### ##.##.#
#.....#
####.#...##......^
........#..^....^
###
#.......#@^......
..#
##.##...#hwh......
#.#
##.......†#......>.
#.#
#.........#........
#.#
#.........##.......
##.###.........#
#.....#
.........†...#.#
##..##
##.###.#.###.#...
#.r #.# #.#.#
#.##### ##


You could see a worm, 2 jackals and a rat (wandering).

Vanquished Creatures
  A worm (D:1)
  2 bats (D:1)
  An endoplasm (D:1)
  2 kobolds (D:1)
  2 quokkas (D:1)
  2 rats (D:1)
10 creatures vanquished.

Notes
Turn   | Place    | Note
-------+----------+-------------------------------------------
     0 | D:1      | Zeld the Minotaur Berserker began the quest for the Orb.
     0 | D:1      | Reached XP level 1. HP: 19/19 MP: 0/0
   374 | D:1      | Reached XP level 2. HP: 27/27 MP: 1/1
   383 | D:1      | Slain by a worm

Illustrated notes

Levels and vault maps discovered:
D:1:      minmay_arrival_stair_chambers, layout_loops_ring, nicolae_wormholes

Skill      XL: |  1  2 |
---------------+-------+-----
Fighting       | 4 |  4.0
Axes           | 4 |  4.0
Armour         | |  2.6
Dodging        | |  2.3

Action                   || total
-------------------------++-------
Melee: Hand axe          ||    30
       Headbutt          ||     9
Armor: Animal skin       ||    11
Dodge: Dodged            ||    21
